 Dungeon Crawl Stone Soup version bcrawl-1.22 (webtiles) character file.

Game seed: 5872339698815184922

1665 pasperui the Ducker (level 9, 0/72 HPs)
             Began as a Gnoll Reaver on May 16, 2020.
             Was a Priest of Vehumet.
             Slain by a black bear (1 damage)
             ... on level 6 of the Dungeon.
             The game lasted 00:16:51 (5610 turns).

pasperui the Ducker (Gnoll Reaver)                  Turns: 5610, Time: 00:16:52

Health: 0/72       AC:  5    Str: 16    XL:     9   Next: 1%
Magic:  8/18       EV: 17    Int: 16    God:    Vehumet [***...]
Gold:   327        SH:  2    Dex: 18    Spells: 19/20 levels left

rFire    . . .     SeeInvis .   a - +0 long sword
rCold    . . .     Gourm    +   (no shield)
rNeg     + . .     Faith    .   J - +1 leather armour of Honour {Dex+3} (curse)
rPois    .         Spirit   .   t - +0 helmet (curse)
rElec    .         Reflect  .   (no cloak)
rCorr    .         Harm     .   (no gloves)
MR       .....                  (no boots)
Stlth    ++........             q - amulet of the gourmand
HPRegen  0.22/turn              C - ring of positive energy
MPRegen  0.16/turn              (no ring)

@: no status effects
A: distributed training, fangs 1, strong nose
a: Renounce Religion


You were on level 6 of the Dungeon.
You worshipped Vehumet.
Vehumet was most pleased with you.
You were completely stuffed.

You visited 1 branch of the dungeon, and saw 6 of its levels.
You also visited: Sewer.

You collected 327 gold pieces.

Inventory:

Hand Weapons
 a - a +0 long sword (weapon)
 l - a +1 short sword of flaming
 w - a +0 arbalest
 D - a +2 dagger of venom
 E - a +0 hunting sling
Missiles
 g - 109 tomahawks
 h - 476 bolts
 k - 474 arrows
 n - 1240 sling bullets
 p - 1088 stones (quivered)
 z - 61 poisoned needles
Armour
 b - +0 steam dragon scales
 s - a +0 helmet
 t - a cursed +0 helmet (worn)
 J - the cursed +1 leather armour of Honour (worn) {Dex+3}
   (You found it on level 5 of the Dungeon)

   It affects your dexterity (+3).
   It has a curse placed upon it.
Magical Staves
 K - an uncursed staff of air
Jewellery
 q - an amulet of the gourmand (around neck)
 C - a ring of positive energy (left hand)
Wands
 F - a wand of polymorph (13)
 G - a wand of disintegration (15)
Scrolls
 d - 2 scrolls of immolation
 i - 4 scrolls of identify {unknown}
 j - 5 scrolls of remove curse {unknown}
 o - 4 scrolls of enchant weapon {unknown}
 v - 3 scrolls of teleportation {unknown}
 x - a scroll of enchant armour {unknown}
 y - 2 scrolls of fear {unknown}
 B - a scroll of amnesia {unknown}
Potions
 c - a potion of haste
 f - 2 potions of brilliance {unknown}
 m - 4 potions of curing
 r - a potion of agility {unknown}
 u - a potion of mutation {unknown}
 A - a potion of heal wounds {unknown}
 H - a potion of resistance {unknown}
 I - a potion of degeneration {unknown}
Comestibles
 e - 8 rations {!d}
 L - a chunk of flesh


   Skills:
 + Level 7.6 Fighting
 + Level 3.7 Short Blades
 + Level 7.6 Long Blades
 + Level 3.7 Axes
 + Level 3.7 Maces & Flails
 + Level 3.7 Polearms
 + Level 3.7 Staves
 + Level 3.7 Slings
 + Level 3.7 Bows
 + Level 3.7 Crossbows
 + Level 3.7 Throwing
 + Level 3.7 Armour
 + Level 7.6 Dodging
 + Level 3.7 Stealth
 + Level 3.7 Shields
 + Level 3.7 Unarmed Combat
 + Level 6.3 Spellcasting
 + Level 3.0 Conjurations
 + Level 3.0 Hexes
 + Level 3.0 Charms
 + Level 3.0 Summonings
 + Level 3.0 Necromancy
 + Level 3.0 Translocations
 + Level 3.0 Transmutations
 + Level 3.0 Fire Magic
 + Level 3.0 Ice Magic
 + Level 3.0 Air Magic
 + Level 3.0 Earth Magic
 + Level 3.0 Poison Magic
 + Level 4.0 Invocations
 + Level 3.7 Evocations


You had 19 spell levels left.
You knew the following spells:

 Your Spells              Type           Power        Failure   Level  Hunger
a - Shock                 Conj/Air       ##...        1%          1    None

Your spell library contained the following spells:

 Spells                   Type           Power        Failure   Level  Hunger
 Inner Flame              Hex/Fire       N/A          4%          3    ##.....
 Magic Dart               Conj           ##..         1%          1    None
 Conjure Flame            Conj/Fire      ##......     4%          3    ##.....
 Mephitic Cloud           Conj/Pois/Air  ##......     4%          3    ##.....
 Blink                    Tloc           N/A          7%          2    None
 Call Imp                 Summ           ##....       7%          2    None
 Spider Form              Tmut/Pois      ##.          14%         3    ##.....
 Iskenderun's Battlesphe  Conj/Chrm      ##......     30%         5    #####..


Dungeon Overview and Level Annotations

Branches:
Dungeon (6/12)             Temple (0/1) D:5

Altars:
Uskayaw


Innate Abilities, Weirdness & Mutations

Your experience applies equally to all skills.
You have very sharp teeth.
Your uncanny sense of smell can sniff out nearby items.


Message History

The black bear bites you!
* * * LOW HITPOINT WARNING * * *
The black bear claws you.
* * * LOW HITPOINT WARNING * * *
The black bear claws you!
* * * LOW HITPOINT WARNING * * *
Casting: Shock (safe; 1% risk of failure)
Confirm with . or Enter, or press ? or * to list all spells.
Aiming: Shock (safe; 1% risk of failure)
Press: ? - help, Shift-Dir - straight line, f/p - centaur
Aim: a centaur, wielding a +0 shortbow and quivering 137 arrows (heavily wounded)
The zap hits the black bear but does no damage.
The black bear is almost dead.
The zap hits the centaur.
The centaur is severely wounded.
The zap hits the phantom.
The phantom is heavily damaged.
The black bear completely misses you. The black bear misses you.
The black bear claws you.
You die...

#.#.#.# ....)###
......# ..... ...
#W# #c# #h# #.#
#@# #.# #.# ##.##
#.# ###...## #.#
.#.....# #.#
.##...# #.#
...#.###########.#
.................#
.<.#.#############


You could see a phantom, a black bear (berserk) and a centaur.

Vanquished Creatures
  Prince Ribbit (D:5)
  A water moccasin (D:5)
  A crocodile (Sewer)
  An ice beast (D:5)
  A sky beast (D:4)
  An ogre (D:5)
  A scorpion (D:5)
  A howler monkey (D:4)
  A bullfrog zombie (D:5)
  A hound (D:5)
  A jelly (D:3)
  4 orc priests
  A gnoll shaman (D:5)
  2 orc wizards (D:3)
  2 centaur skeletons (D:5)
  An iguana (D:5)
  Ijyb (D:4)
  7 worker ants
  A hound zombie (D:6)
  8 adders
  A river rat (D:4)
  10 gnolls
  3 oozes
  3 worms
  An adder skeleton (D:4)
  5 leopard geckos
  15 orcs
  6 bats
  6 giant cockroaches
  8 goblins
  7 hobgoblins
  10 jackals
  4 quokkas
  A ball python (D:4)
  3 frilled lizards
  A jackal zombie (D:5)
  13 kobolds
  10 rats
  A butterfly (D:5)
146 creatures vanquished.

Notes
Turn   | Place    | Note
-------+----------+-------------------------------------------
     0 | D:1      | pasperui the Gnoll Reaver began the quest for the Orb.
     0 | D:1      | Reached XP level 1. HP: 23/23 MP: 6/6
   130 | D:1      | Reached XP level 2. HP: 20/29 MP: 7/7
   190 | D:1      | Reached * piety under Vehumet
   190 | D:1      | Offered knowledge of Shock by Vehumet.
   334 | D:1      | Reached XP level 3. HP: 35/35 MP: 9/9
   341 | D:1      | Reached skill level 5 in Spellcasting
   788 | D:2      | Reached skill level 1 in Invocations
   980 | D:2      | Reached skill level 1 in Short Blades
   980 | D:2      | Reached skill level 1 in Axes
   980 | D:2      | Reached skill level 1 in Maces & Flails
   980 | D:2      | Reached skill level 1 in Polearms
   980 | D:2      | Reached skill level 1 in Staves
   980 | D:2      | Reached skill level 1 in Slings
   980 | D:2      | Reached skill level 1 in Bows
   980 | D:2      | Reached skill level 1 in Crossbows
   980 | D:2      | Reached skill level 1 in Throwing
   980 | D:2      | Reached skill level 1 in Armour
   980 | D:2      | Reached skill level 1 in Stealth
   980 | D:2      | Reached skill level 1 in Shields
   980 | D:2      | Reached skill level 1 in Unarmed Combat
   980 | D:2      | Reached skill level 1 in Evocations
  1014 | D:2      | Reached XP level 4. HP: 41/41 MP: 11/11
  1140 | D:2      | Learned a level 1 spell: Shock
  1475 | D:2      | Offered knowledge of Magic Dart by Vehumet.
  1624 | D:3      | Reached ** piety under Vehumet
  1646 | D:3      | Reached skill level 1 in Conjurations
  1646 | D:3      | Reached skill level 1 in Hexes
  1646 | D:3      | Reached skill level 1 in Charms
  1646 | D:3      | Reached skill level 1 in Summonings
  1646 | D:3      | Reached skill level 1 in Necromancy
  1646 | D:3      | Reached skill level 1 in Translocations
  1646 | D:3      | Reached skill level 1 in Transmutations
  1646 | D:3      | Reached skill level 1 in Fire Magic
  1646 | D:3      | Reached skill level 1 in Ice Magic
  1646 | D:3      | Reached skill level 1 in Air Magic
  1646 | D:3      | Reached skill level 1 in Earth Magic
  1646 | D:3      | Reached skill level 1 in Poison Magic
  1646 | D:3      | Reached XP level 5. HP: 25/47 MP: 0/12
  2123 | D:3      | Reached XP level 6. HP: 53/53 MP: 8/13
  2733 | D:4      | Noticed Ijyb
  2772 | D:4      | Killed Ijyb
  2831 | D:4      | Found a glowing drain.
  2857 | D:4      | Offered knowledge of Iskenderun's Mystic Blast by Vehumet.
  2870 | Sewer    | Entered a sewer
  2970 | Sewer    | Noticed a crocodile
  2986 | Sewer    | Killed a crocodile
  2986 | Sewer    | Reached XP level 7. HP: 41/60 MP: 3/15
  3220 | D:4      | Reached *** piety under Vehumet
  4151 | D:5      | Entered Level 5 of the Dungeon
  4220 | D:5      | Got a smoking leather armour
  4231 | D:5      | Identified the cursed +1 leather armour of Honour {Dex+3}
                  | (You found it on level 5 of the Dungeon)
  4323 | D:5      | Reached XP level 8. HP: 63/67 MP: 12/16
  4354 | D:5      | Found a hide-covered altar of Uskayaw.
  4469 | D:5      | Found a staircase to the Ecumenical Temple.
  4485 | D:5      | Offered knowledge of Inner Flame by Vehumet.
  4772 | D:5      | Noticed Prince Ribbit
  4784 | D:5      | Killed Prince Ribbit
  5396 | D:5      | Reached XP level 9. HP: 59/72 MP: 10/18
  5609 | D:6      | HP: 1/72 [black bear (7)]
  5610 | D:6      | Slain by a black bear

Skill      XL: |  1  2  3  4  5  6  7  8 |
---------------+-------------------------+-----
Spellcasting   | 5 6 |  6.3
Invocations    | 1 2 3 4 |  4.0
Short Blades   | 1 2 3 |  3.7
Axes           | 1 2 3 |  3.7
Maces & Flails | 1 2 3 |  3.7
Polearms       | 1 2 3 |  3.7
Staves         | 1 2 3 |  3.7
Slings         | 1 2 3 |  3.7
Bows           | 1 2 3 |  3.7
Crossbows      | 1 2 3 |  3.7
Throwing       | 1 2 3 |  3.7
Armour         | 1 2 3 |  3.7
Stealth        | 1 2 3 |  3.7
Shields        | 1 2 3 |  3.7
Unarmed Combat | 1 2 3 |  3.7
Evocations     | 1 2 3 |  3.7
Conjurations   | 1 2 3 |  3.0
Hexes          | 1 2 3 |  3.0
Charms         | 1 2 3 |  3.0
Summonings     | 1 2 3 |  3.0
Necromancy     | 1 2 3 |  3.0
Translocations | 1 2 3 |  3.0
Transmutations | 1 2 3 |  3.0
Fire Magic     | 1 2 3 |  3.0
Ice Magic      | 1 2 3 |  3.0
Air Magic      | 1 2 3 |  3.0
Earth Magic    | 1 2 3 |  3.0
Poison Magic   | 1 2 3 |  3.0
Fighting       | 7 |  7.6
Long Blades    | 7 |  7.6
Dodging        | 7 |  7.6

Action                   |  1- 3 |  4- 6 |  7- 9 || total
-------------------------+-------+-------+-------++-------
Melee: Long sword        |   106 |   122 |   128 ||   356
       Bite              |     6 |     9 |    19 ||    34
       Unarmed           |       |     5 |       ||     5
       Punch             |       |       |     2 ||     2
       Staff             |       |       |    11 ||    11
 Cast: Shock             |       |    90 |   102 ||   192
  Use: Potion            |       |     1 |       ||     1
 Stab: Sleeping          |     1 |     5 |     1 ||     7
  Eat: Chunk             |    12 |    13 |     8 ||    33
Armor: Steam dragon scal |    25 |    23 |     9 ||    57
       Skin              |       |     4 |       ||     4
       Leather armour    |       |       |    20 ||    20
Dodge: Dodged            |    75 |   117 |   128 ||   320
Block: Other             |     7 |    14 |    13 ||    34
